 Dungeon Crawl Stone Soup version 0.17-a0-1184-gb75be8f (webtiles) character file.

34 ololoev the Slasher (level 3, -3/27 HPs)
             Began as a Formicid Skald on June 1, 2015.
             Slain by an adder (4 damage)
             ... on level 2 of the Dungeon.
             The game lasted 00:02:30 (784 turns).

ololoev the Slasher (Formicid Skald)                 Turns: 784, Time: 00:02:30

Health: -3/27      AC:  3    Str: 22    XL:     3   Next: 50%
Magic:  6/6        EV: 11    Int: 16    God:
Gold:   23         SH:  0    Dex: 10    Spells: 1 memorised, 5 levels left

rFire  + . .     SeeInvis +     a - +0 falchion
rCold  + . .     Clarity  .     b - +0 leather armour
rNeg   . . .     SustAt   .     (no shield)
rPois  +         Gourm    .     (helmet unavailable)
rElec  +         Spirit   .     (no cloak)
rCorr  +         Warding  .     (no gloves)
rMut   .         Stasis   +     (no boots)
MR     .....                    (no amulet)
Stlth  +.........               (no ring)
                                (no ring)

@: mighty, brilliant, lethally poisoned (-3 -> -6), resistant, not resistant to
hostile enchantments, very unstealthy
A: permanent stasis, dig shafts and tunnels, four strong arms, antennae 3
a: Dig, Shaft Self


Innate Abilities, Weirdness & Mutations

You are under a permanent stasis effect.
You can dig through walls and to a lower floor.
Your four strong arms can wield two-handed weapons with a shield.
You have a pair of large antennae on your head (SInv).

Inventory:

Hand weapons
 a - a +0 falchion (weapon)
Armour
 b - a +0 leather armour (worn)
 j - a +0 chain mail
Scrolls
 g - a scroll of enchant armour {unknown}
 k - a scroll of noise {unknown}
 m - a scroll of fear {unknown}
 n - a scroll of identify {unknown}
Books
 c - a book of Battle

   Spells                             Type                      Level
   a - Infusion                       Charms                       1
   b - Shroud of Golubria             Charms/Translocation         2
   c - Song of Slaying                Charms                       2
   d - Spectral Weapon                Hexes/Charms                 3
   e - Regeneration                   Charms/Necromancy            3
Comestibles
 d - a bread ration
 h - a beef jerky


   Skills:
 - Level 2.1 Fighting
 * Level 3.4 Long Blades
 + Level 1.7 Armour
 - Level 0.8 Dodging
 - Level 2.1 Spellcasting
 - Level 3.0 Charms


You had 5 spell levels left.
You knew the following spells:

 Your Spells              Type           Power        Failure   Level  Hunger
a - Infusion              Chrm           ###...       1%          1    #......


You were on level 2 of the Dungeon.
You were not hungry.

You visited 1 branch of the dungeon, and saw 2 of its levels.

You collected 23 gold pieces.

# .. .# . .##### #.
#..#.. #. #..#.########.
#..#..#.........(
####..#..#@..######
.........SS.......# #
.......).##..######.#
..................#.#
....................#
........#########.####.#
........# #..........#
........# ##.###.######
........# #.........#

Notes
Turn   | Place    | Note
--------------------------------------------------------------
     0 | D:1      | ololoev the Formicid Skald began the quest for the Orb.
     0 | D:1      | Reached XP level 1. HP: 16/16 MP: 3/3
    56 | D:1      | Reached XP level 2. HP: 16/22 MP: 5/5
   422 | D:1      | Reached XP level 3. HP: 27/27 MP: 6/6
   783 | D:2      | HP: 1/27 [adder (4)]
   784 | D:2      | Slain by an adder

Dungeon Overview and Level Annotations

Branches:
Dungeon (2/15)

Altars:


Message History

The adder barely misses you. The adder bites you but does no damage.
The adder bites you.
You see here a club.
You closely miss the adder.
The adder is heavily wounded.
You feel sick. The adder bites you. The adder closely misses you.
Drink which item? (? for menu, Esc to quit)
It was a potion of resistance.
You feel protected.
You feel less invigorated.
You feel less confused. The adder closely misses you. x2
The adder bites you.
You closely miss the adder.
The adder is heavily wounded.
The adder closely misses you. The adder bites you. The adder misses you.
You hit the adder.
The adder is severely wounded.
You feel sick. The adder bites you. The adder misses you. The adder bites you.
You barely miss the adder.
The adder is severely wounded.
The adder barely misses you. The adder bites you but does no damage.
The adder closely misses you.
You hit the adder.
The adder is almost dead.
The adder bites you but does no damage. x2
You feel sick. The adder bites you but does no damage.
The adder bites you but does no damage. The adder bites you.
You barely miss the adder.
Drink which item? (? for menu, Esc to quit)
It was a potion of might.
You feel very mighty all of a sudden.
You feel sick. The adder closely misses you. The adder bites you.
The adder bites you but does no damage.
Drink which item? (? for menu, Esc to quit)
It was a potion of brilliance.
You feel clever all of a sudden. The adder bites you.
You die...

You could see 2 adders.

Vanquished Creatures
  An adder (D:2)
  2 bats
  4 goblins (D:1)
  3 hobgoblins
  2 jackals (D:1)
  3 giant cockroaches (D:1)
  2 giant newts (D:1)
  5 kobolds
  3 rats (D:1)
25 creatures vanquished.

Action                   || total
-------------------------++-------
Melee: Falchion          ||   101
  Use: Potion            ||     5
 Stab: Sleeping          ||     1

Vault maps used:
D:1:      dpeg_arrival_brainrot
D:2:      lemuel_round_altar
